AoeStats
← Kracih

Black Forest

507825276Analyzed
4v4 RM · 11d ago on Sep 19, 2026· 55m 42s· 8 players
Game mode
Random Map
Map size
Large (8 player)
Population
200
Speed
Normal
Resources
Standard
Victory
Conquest
Starting age
Dark Age
Ending age
Imperial Age
RankedLock teamsTeams togetherTeam positionsShared explorationLock speedFull tech treeHidden civsTurbo modeCheats
Victory
Defeat
🇷🇺 Persians · Russia
1040
+15
🇪🇸 Ethiopians · Spain
1026
+16
🇬🇧 Franks · United Kingdom
1021
+16
🇹🇷 Teutons · Türkiye
1001
+16
🇨🇱 Italians · Chile
1033
-16
🇹🇼 Chinese · Taiwan
1018
-16
🇨🇳 Franks · China
1013
-16
🇺🇸 Persians · United States
996
-15
LiMe86
2:49 Loom
15:19 Feudal Age
15:53 Double-Bit Axe
22:09 Castle Age
20:49 Scale Mail Armor
20:47 Gold Mining
20:51 Stone Mining
21:59 Forging
21:54 Scale Barding Armor
24:25 Chain Mail Armor
24:51 Gold Shaft Mining
24:29 Bow Saw
24:58 Wheelbarrow
28:51 Iron Casting
28:40 Chain Barding Armor
29:23 Hand Cart
29:54 Town Watch
33:50 Imperial Age
31:25 Arson
31:40 Squires
32:15 #83
32:37 Caravan
35:08 Plate Mail Armor
35:05 Conscription
37:06 Blast Furnace
37:25 Elite Throwing Axeman
42:36 Cavalier
43:20 Husbandry
49:41 Plate Barding Armor
55:12 Pikeman
Kracih
8:12 Loom
11:11 Feudal Age
15:59 Castle Age
14:10 Double-Bit Axe
21:49 Wheelbarrow
24:32 Forging
24:28 Scale Barding Armor
30:52 Imperial Age
28:27 Horse Collar
28:45 Fletching
29:54 Bloodlines
30:08 Bow Saw
31:25 Husbandry
30:45 Cavalier
32:08 Hand Cart
32:28 Heavy Plow
34:26 Iron Casting
34:12 Chain Barding Armor
34:03 Kamandaran
35:06 Crossbowman
35:51 Thumb Ring
37:35 Two-Man Saw
38:40 Conscription
37:44 Savar
40:09 Blast Furnace
39:05 Bodkin Arrow
40:42 Plate Barding Armor
44:41 Caravan
53:36 Padded Archer Armor
☾★Ertugrul☾★
1:21 Loom
13:30 Feudal Age
21:09 Castle Age
19:40 Double-Bit Axe
20:22 Gold Mining
20:24 Stone Mining
20:17 Horse Collar
26:23 Wheelbarrow
26:39 Caravan
29:39 Imperial Age
27:34 Fletching
27:44 Padded Archer Armor
30:43 Hand Cart
31:15 Town Watch
32:04 Conscription
32:18 Bow Saw
32:12 Heavy Plow
34:42 Ballistics
35:23 Chemistry
34:41 Elite Skirmisher
36:12 Bodkin Arrow
36:32 Leather Archer Armor
36:03 Pikeman
36:44 Squires
37:11 Elite Teutonic Knight
38:41 Crossbowman
38:44 Halberdier
39:47 Town Patrol
40:02 Forging
39:52 Scale Mail Armor
45:31 Iron Casting
45:12 Chain Mail Armor
49:09 Blast Furnace
51:46 Plate Mail Armor
51:22 Scale Barding Armor
Cloud
3:00 Loom
11:53 Feudal Age
12:24 Double-Bit Axe
12:24 Horse Collar
18:10 Castle Age
20:09 Heavy Plow
20:21 Bow Saw
21:09 Wheelbarrow
22:58 Town Watch
25:56 Hand Cart
29:57 Imperial Age
29:14 Town Patrol
29:08 Gold Mining
30:38 Torsion Engines
30:27 Heavy Scorpion
32:47 Chemistry
32:08 Ballistics
32:30 Siege Engineers
33:12 Gold Shaft Mining
40:40 Halberdier
41:21 Squires
41:39 Scale Mail Armor
41:50 Forging
42:46 Chain Mail Armor
43:07 Iron Casting
Dejavu
10:47 Feudal Age
14:44 Castle Age
12:48 Horse Collar
13:32 Double-Bit Axe
15:52 Heavy Plow
16:52 Bow Saw
23:36 Wheelbarrow
26:04 Town Watch
26:31 Loom
27:37 Hand Cart
27:52 Caravan
31:15 Imperial Age
30:58 Scale Barding Armor
31:03 Forging
30:51 Gold Mining
31:40 Bloodlines
31:30 Husbandry
32:00 Ballistics
32:40 Chemistry
32:23 Chain Barding Armor
32:58 Conscription
33:50 Gold Shaft Mining
33:44 Cavalier
34:52 Savar
36:56 Iron Casting
36:57 Plate Barding Armor
40:02 Blast Furnace
48:34 Fletching
苏坊
0:40 Loom
11:53 Feudal Age
15:51 Castle Age
14:33 Double-Bit Axe
21:22 Gold Mining
26:09 Gold Shaft Mining
26:47 Wheelbarrow
27:57 Bow Saw
28:35 Hand Cart
32:04 Imperial Age
33:16 Scale Barding Armor
33:22 Forging
33:32 Caravan
36:14 Stone Mining
36:50 Chain Barding Armor
37:06 Iron Casting
37:25 Chivalry
37:49 Conscription
37:48 Husbandry
37:09 Cavalier
37:17 Cavalier
38:51 Plate Barding Armor
38:17 Paladin
40:42 Blast Furnace
42:11 Onager
44:09 Pikeman
44:50 Squires
44:35 Arson
46:32 Herbal Medicine
46:41 Scale Mail Armor
46:42 Padded Archer Armor
46:32 Fletching
47:05 Ballistics
47:45 Chemistry
46:51 Siege Engineers
46:42 Murder Holes
46:59 Fortified Wall
48:00 Hoardings
48:50 Heavy Scorpion
55:20 Chain Mail Armor
55:01 Bodkin Arrow
55:21 Leather Archer Armor
UnTalPeluca
1:06 Loom
14:19 Feudal Age
15:11 Double-Bit Axe
15:09 Horse Collar
20:59 Castle Age
21:15 Fletching
22:44 Heavy Plow
25:17 Bow Saw
28:25 Silk Road
30:16 Gold Mining
30:16 Stone Mining
34:40 Imperial Age
33:45 Bodkin Arrow
33:52 Padded Archer Armor
34:31 Caravan
35:02 Forging
34:56 Squires
35:06 Elite Genoese Crossbowman
37:20 Chemistry
37:54 Conscription
38:08 Bracer
50:24 Crossbowman
51:12 Thumb Ring
51:16 Arbalester
YJHAN
0:32 Loom
13:13 Feudal Age
15:11 Town Watch
15:39 Fletching
17:09 Man-at-Arms
17:36 Arson
22:19 Castle Age
20:28 Double-Bit Axe
21:57 Gold Mining
25:55 Horse Collar
29:33 Wheelbarrow
31:06 Masonry
32:29 Bow Saw
32:52 Squires
33:41 Ballistics
34:03 Fervor
35:07 Pikeman
36:05 Forging
35:56 Scale Mail Armor
35:51 Bodkin Arrow
36:47 Caravan
37:54 Murder Holes
37:50 Heated Shot
38:14 Heavy Plow
41:59 Imperial Age
39:56 Fortified Wall
39:37 Guard Tower
42:55 Bracer
42:57 Padded Archer Armor
43:32 Iron Casting
43:13 Chain Mail Armor
43:11 Great Wall
44:29 Chemistry
44:33 Hand Cart
46:01 Conscription
46:42 Keep
45:53 Arrowslits
46:22 Heavy Rocket Cart
46:51 Elite Fire Lancer
49:21 Two-Man Saw
49:09 Gold Shaft Mining
48:24 Stone Mining
48:51 Elite Skirmisher
49:36 Thumb Ring
49:55 Capped Ram
51:15 Halberdier
52:38 Plate Mail Armor
52:15 Scale Barding Armor
56:05 Blast Furnace
54:42 Siege Ram
Connection lost

Rejoining the realm…

Still unreachable

The connection could not be restored.

Session expired

The server has moved on; the page needs a fresh start.